 Dungeon Crawl Stone Soup version 0.27.1-4-g1640c2035a (webtiles) character file.

Game seed: 16958195852480661500

22 ElTigreChino the Skirmisher (level 2, -2/27 HPs)
             Began as a Minotaur Fighter on Nov 2, 2021.
             Succumbed to a kobold's poison
             ... on level 2 of the Dungeon.
             The game lasted 00:05:34 (927 turns).

ElTigreChino the Skirmisher (Minotaur Fighter)       Turns: 927, Time: 00:05:34

Health: -2/27      AC:  8    Str: 20    XL:     2   Next: 68%
Magic:  1/1        EV:  7    Int:  5    God:
Gold:   49         SH:  9    Dex:  9    Spells: 1/1 levels left

rFire    . . .     SeeInvis .   a - +0 war axe
rCold    . . .     Faith    .   c - +0 kite shield
rNeg     . . .     Spirit   .   b - +0 scale mail
rPois    .         Reflect  .   (helmet restricted)
rElec    .         Harm     .   (no cloak)
rCorr    .         Rampage  .   k - +0 pair of gloves
Will     .....                  (no boots)
Stlth    ..........             (no amulet)
HPRegen  0.09/turn              (no ring)
MPRegen  0.07/turn              (no ring)

@: lethally poisoned (-2 -> -14)
A: horns 2, retaliatory headbutt
a: no special abilities


You were on level 2 of the Dungeon.
You visited 1 branch of the dungeon, and saw 2 of its levels.

You collected 49 gold pieces.

Inventory:

Hand Weapons
 a - a +0 war axe (weapon)
Armour
 b - a +0 scale mail (worn)
 c - a +0 kite shield (worn)
 k - a +0 pair of gloves (worn)
Scrolls
 e - a scroll of torment {unknown}
 f - a scroll of teleportation {unknown}
 g - a scroll of noise {unknown}
 h - a scroll of identify {unknown}
 i - a scroll of enchant armour {unknown}
 j - a scroll of holy word {unknown}
 l - a scroll of vulnerability {unknown}
Potions
 d - 2 potions of might


   Skills:
 + Level 3.9 Fighting
 * Level 3.1 Axes
 + Level 3.8 Armour
 + Level 0.6 Dodging
 + Level 3.8 Shields


You had one spell level left.
You didn't know any spells.
Your spell library contained the following spells:

 Spells                   Type           Power      Damage    Failure   Level
 Foxfire                  Conj/Fire      0%         2x1d4     99%         1
 Conjure Flame            Conj/Fire      0%         6-21      100%        3
 Inner Flame              Hex/Fire       0%         N/A       100%        3


Dungeon Overview and Level Annotations

Branches:
Dungeon (2/15)

Altars:


Innate Abilities, Weirdness & Mutations

You have a pair of horns on your head.
You reflexively headbutt those who attack you in melee.


Message History

Found a scroll labelled LITAWITOUB.
j - a scroll labelled LITAWITOUB
Found a pair of gloves.
Found a scroll labelled SERO XEOHE.
A hobgoblin comes into view.
The hobgoblin shouts!
You slash the hobgoblin!
You kill the hobgoblin!
You see here a hobgoblin corpse.
You see here a +0 pair of gloves.
k - a +0 pair of gloves You start putting on your armour.
You continue putting on your +0 pair of gloves. x4
You finish putting on your +0 pair of gloves.
l - a scroll labelled SERO XEOHE A kobold comes into view.
It is wielding a +2 dagger of venom.
The kobold shouts!
You barely miss the kobold. Your headbutt misses the kobold.
The kobold barely misses you. The kobold hits you but does no damage.
You are poisoned.
You barely miss the kobold.
You feel very sick. The kobold hits you but does no damage.
You are more poisoned.
You barely miss the kobold.
You feel very sick. The kobold hits you but does no damage.
You are lethally poisoned!
The kobold hits you but does no damage.
You are more poisoned.
You hit the kobold.
You kill the kobold!
You feel extremely sick.
* * * LOW HITPOINT WARNING * * *
You feel very sick.
Things that are here:
a +2 dagger of venom; a kobold corpse
* * * LOW HITPOINT WARNING * * *
You feel very sick.
You die...

#.##............#
#####.###.####...##.#
#. .....#.# ##.###.#
##.###.#.#.# #.# #.#
#..........#####.###..
#..##..............##.
#.. ##.#.#########.##.
#..###.#.# #........
#..).@...# #.##..##.
#.####.### #..##. #
#.# #..##. #.# #..###
..# #..# ### #..# #..#
#..#


There were no monsters in sight!

Vanquished Creatures
  5 bats (D:1)
  2 endoplasms (D:1)
  5 goblins (D:1)
  A hobgoblin (D:2)
  A ball python (D:1)
  2 frilled lizards (D:1)
  3 kobolds
  3 rats (D:1)
22 creatures vanquished.

Notes
Turn   | Place    | Note
-------+----------+-------------------------------------------
     0 | D:1      | ElTigreChino the Minotaur Fighter began the quest for the
                  | Orb.
     0 | D:1      | Reached XP level 1. HP: 19/19 MP: 0/0
   189 | D:1      | Reached XP level 2. HP: 24/27 MP: 1/1
   926 | D:2      | HP: 1/27 [poisoned by a kobold]
   927 | D:2      | Succumbed to a kobold's poison

Illustrated notes

Levels and vault maps discovered:
D:1:      minmay_arrival_split_and_join, layout_rooms
D:2:      layout_loops_ring, shapermc_ecumenical_altar_acropolis

Skill      XL: |  1  2 |
---------------+-------+-----
Axes           | 3 |  3.1
Fighting       | |  3.9
Armour         | |  3.8
Dodging        | |  0.6
Shields        | |  3.8

Action                   || total
-------------------------++-------
Melee: War axe           ||    38
       Headbutt          ||     6
Armor: Scale mail        ||    17
Dodge: Dodged            ||    12
Block: Kite shield       ||    14
